 Dungeon Crawl Stone Soup version 0.18-a0-952-g309898a (webtiles) character file.

2113 M4edhros the Covert (level 9, -2/47 HPs)
             Began as an Octopode Artificer on Dec 31, 2015.
             Was a Believer of Fedhas.
             Slain by a killer bee (10 damage)
             ... on level 7 of the Dungeon.
             The game lasted 00:13:39 (6629 turns).

M4edhros the Covert (Octopode Artificer)            Turns: 6629, Time: 00:13:39

Health: -2/47      AC:  1    Str: 10      XL:     9   Next: 29%
Magic:  10/13      EV: 23    Int: 16 (17) God:    Fedhas [**....]
Gold:   219        SH:  0    Dex: 18      Spells: 0 memorised, 8 levels left

rFire  + . .     SeeInvis .     w - +1 short sword (flame)
rCold  x . .     Gourm    .     (no shield)
rNeg   + . .     Faith    .     J - +0 hat
rPois  .         Spirit   .     B - amulet of harm
rElec  +         Dismiss  .     v - ring of fire
rCorr  .         Reflect  .     A - ring of positive energy
SustAt .         Harm     +     (no ring)
MR     .....                    (no ring)
Stlth  +++++++...               (no ring)
                                (no ring)
                                (no ring)
                                (no ring)

@: agile, not resistant to hostile enchantments, extremely stealthy
A: almost no armour, amphibious, 8 rings, constrict 8, camouflage 1, frail 1,
electricity resistance, gelatinous body 1
a: Evolution, Sunlight, Renounce Religion


You were on level 7 of the Dungeon.
You worshipped Fedhas.
Fedhas was pleased with you.
You were not hungry.

You visited 2 branches of the dungeon, and saw 8 of its levels.

You collected 219 gold pieces.

Inventory:

Hand Weapons
 w - a +1 short sword of flaming (weapon)
 z - a +0 hunting sling
Missiles
 i - 49 sling bullets
 k - 129 stones (quivered)
Armour
 J - a +0 hat (worn)
Jewellery
 v - a ring of fire (left tentacle)
 A - a ring of positive energy (right tentacle)
 B - an amulet of harm (around mantle)
Wands
 b - a wand of flame (0/48)
 c - a wand of enslavement (12/24)
 d - a wand of random effects (1/48)
 E - a wand of slowing (38/48)
Scrolls
 e - 3 scrolls of random uselessness {unknown}
 g - 2 scrolls of enchant armour {unknown}
 h - 3 scrolls of teleportation {unknown}
 j - a scroll of immolation {unknown}
 l - 3 scrolls of enchant weapon {unknown}
 n - a scroll of recharging {unknown}
 o - a scroll of fog {unknown}
 q - 6 scrolls of fear {unknown}
 t - 2 scrolls of blinking {unknown}
 x - a scroll of magic mapping {unknown}
 y - 3 scrolls of identify {unknown}
 I - a scroll of remove curse {unknown}
Potions
 p - a potion of cure mutation {unknown}
 r - 2 potions of curing {unknown}
 u - a potion of heal wounds {unknown}
 D - a potion of resistance
 F - 2 potions of haste {unknown}
 G - a potion of flight {unknown}
Comestibles
 a - 3 slices of pizza
 f - 2 bread rations
 s - 6 meat rations
 C - 3 fruits
 H - a beef jerky


   Skills:
 - Level 1.0 Fighting
 - Level 1.0 Short Blades
 * Level 7.5 Dodging
 * Level 10.3 Stealth
 + Level 3.5 Invocations
 + Level 6.4 Evocations


You had 8 spell levels left.
You didn't know any spells.

Dungeon Overview and Level Annotations

Branches:
Dungeon (7/15)             Temple (1/1) D:5

Altars:
Ashenzari
Dithmenos
Fedhas
Makhleb
Xom
Yredelemnul
Zin

Shops:
D:5 *}[   D:7 }


Innate Abilities, Weirdness & Mutations

You cannot wear most types of armour.
You are amphibious.
You can wear up to eight rings at the same time.
You can use your tentacles to constrict eight enemies at once.
Your skin changes colour to match your surroundings (Stealth).
Your rubbery body absorbs attacks (AC +1).
You are frail (-10% HP).
You are resistant to electric shocks.


Message History

A nearby toadstool withers and dies.
The killer bee completely misses you.
The centaur shoots an arrow.
The arrow hits your wandering mushroom. The killer bee barely misses you.
Your wandering mushroom releases spores at the centaur!
The centaur dies!
The killer bee closely misses you.
Unknown command.
You miss the killer bee. Your grab misses the killer bee.
You squeeze the killer bee.
The killer bee is almost dead.
The killer bee misses you. The killer bee stings you!
* * * LOW HITPOINT WARNING * * *
Unknown command.
Unknown command.
Unknown command.
You miss the killer bee. Your grab misses the killer bee.
The killer bee is almost dead.
The killer bee misses you. The killer bee stings you!
You die...
Fedhas appreciates your contribution to the ecosystem.

#.# #.........# #.# #.#.......#
#.# #.#.......#### #.#
#.#........... #.# #.#÷......#
#.# #.#...)...#
#.########.#..ff...#######.
####............##f###........
#...f...###...@y...†....#####.
###.#####.###.###.##.###.(......
...f# #.f.......##..##...#####
###f# #.....##..###.##.y.# #>#
#.######..# .....y. #.#####.#
#..# ..?..... # #..f....### #..#
......... #
#.8..∩..8.####..##.###...#### #
#####.....÷.....##.# .. .


You could see a killer bee and 2 friendly wandering mushrooms.

Vanquished Creatures
  Grinder (D:3)
  The ghost of zkyp the Cudgeler, an amateur OgCj of Ashenzari (D:3)
  Duvessa (D:4)
  A phantom (D:5)
  An ogre (D:4)
  A centaur (D:5)
  3 giant frogs
  A killer bee (D:7)
  2 scorpions (D:4)
  Dowan (D:4)
  4 wights
  The ghost of M4edhros the Charlatan, a weakling OpAr (D:4)
  A crimson imp (D:2)
  A giant frog zombie (D:5)
  3 hounds
  A jelly (D:5)
  A centaur skeleton (D:6)
  A giant frog skeleton (D:7)
  Jessica (D:3)
  Terence (D:3)
  3 orc wizards
  A worker ant (D:7)
  9 adders
  2 gnolls (D:3)
  An adder skeleton (D:5)
  4 worms
  5 giant geckos
  16 orcs
  4 bats
  5 giant cockroaches
  7 hobgoblins
  11 jackals
  A ball python skeleton (D:5)
  8 giant newts
  5 goblins (D:2)
  12 kobolds
  5 rats
127 creatures vanquished.

Vanquished Creatures (collateral kills)
  An ice beast (D:6)
  2 phantoms
  2 centaurs
  A giant frog (D:7)
  3 killer bees (D:7)
  3 wights (D:7)
  A hound (D:5)
  An orc priest (D:6)
  An orc wizard (D:6)
  An iguana (D:5)
  A gnoll (D:3)
  2 adders
  A giant gecko (D:5)
  6 orcs
  A jackal (D:6)
  A giant newt (D:5)
28 creatures vanquished.

Vanquished Creatures (others)
  4 wandering mushrooms
  70 toadstools
74 creatures vanquished.

Grand Total: 229 creatures vanquished

Notes
Turn   | Place    | Note
--------------------------------------------------------------
     0 | D:1      | M4edhros the Octopode Artificer began the quest for the Orb.
     0 | D:1      | Reached XP level 1. HP: 13/13 MP: 3/3
   240 | D:1      | Reached XP level 2. HP: 16/18 MP: 4/4
   400 | D:3      | Noticed Terence
   427 | D:4      | Noticed M4edhros's ghost (weakling OpAr)
   444 | D:3      | Reached XP level 3. HP: 23/23 MP: 5/5
   716 | D:5      | Entered Level 5 of the Dungeon
   730 | D:5      | HP: 1/23 [hound (4)]
   732 | D:5      | Reached XP level 4. HP: 3/28 MP: 6/6
  1093 | D:5      | Found Hutsaq's Armour Emporium.
  1113 | D:5      | Noticed a phantom
  1177 | D:4      | Reached skill level 4 in Stealth
  1269 | D:4      | Reached XP level 5. HP: 18/33 MP: 6/8
  1541 | D:4      | Noticed an ogre
  1546 | D:4      | Killed an ogre
  1546 | D:4      | Reached skill level 5 in Stealth
  1546 | D:4      | Reached XP level 6. HP: 38/38 MP: 9/9
  1591 | D:4      | Noticed Duvessa
  1605 | D:4      | Noticed Dowan
  1865 | D:4      | Killed M4edhros's ghost
  1887 | D:4      | Reached skill level 6 in Stealth
  2028 | D:4      | Killed Dowan
  2028 | D:4      | Reached XP level 7. HP: 30/43 MP: 10/10
  2041 | D:4      | Killed Duvessa
  2041 | D:4      | Reached skill level 5 in Dodging
  2272 | D:5      | Found Poin's Assorted Antiques.
  2342 | D:5      | Reached skill level 7 in Stealth
  2617 | D:5      | Found a staircase to the Ecumenical Temple.
  2666 | Temple   | Entered the Ecumenical Temple
  2734 | Temple   | Became a worshipper of Xom of Chaos
  2764 | Temple   | Fell from the grace of Xom
  2764 | Temple   | Became a worshipper of Fedhas Madash
  2925 | D:1      | Reached skill level 5 in Evocations
  3509 | D:2      | XOM: mild Tloc miscast
  3532 | D:2      | Reached * piety under Fedhas
  3847 | D:2      | XOM: give mutations
  3847 | D:2      | Gained mutation: You are weak. (Str -2) [Xom's mischief]
  3847 | D:2      | Lost mutation: You are weak. (Str -2) [Xom's mischief]
  3847 | D:2      | Gained mutation: You are resistant to electric shocks. [Xom's mischief]
  3847 | D:2      | Gained mutation: Your spells are a little harder to cast, but a little more powerful. [Xom's mischief]
  3889 | D:2      | Found a burning altar of Makhleb.
  4258 | D:3      | XOM: draining
  4276 | D:3      | Noticed Jessica
  4278 | D:3      | Killed Terence
  4282 | D:3      | Killed Jessica
  4282 | D:3      | Reached skill level 1 in Invocations
  4447 | D:3      | Noticed Grinder
  4447 | D:3      | Noticed zkyp's ghost (amateur OgCj)
  4482 | D:3      | Paralysed by Grinder for 7 turns
  4491 | D:3      | Killed Grinder
  4491 | D:3      | Reached XP level 8. HP: 41/48 MP: 11/11
  4767 | D:3      | Killed zkyp's ghost
  4767 | D:3      | Reached skill level 8 in Stealth
  4784 | D:3      | XOM: give mutation
  4784 | D:3      | Lost mutation: Your spells are a little harder to cast, but a little more powerful. [Xom's mischief]
  4932 | D:5      | XOM: mild Divn miscast
  5127 | D:5      | Found Witow's Gadget Emporium.
  5294 | D:6      | Reached skill level 9 in Stealth
  5408 | D:6      | XOM: medium Divn miscast
  5587 | D:6      | XOM: summons 3 hostile shadow creatures
  5794 | D:6      | XOM: give mutation
  5794 | D:6      | Gained mutation: You are frail (-10% HP). [Xom's mischief]
  5917 | D:6      | Reached ** piety under Fedhas
  5925 | D:6      | Reached XP level 9. HP: 13/47 MP: 13/13
  6400 | D:7      | Reached skill level 10 in Stealth
  6426 | D:7      | Found Igruof's Gadget Shoppe.
  6504 | D:7      | XOM: mild Ice miscast
  6629 | D:7      | Slain by a killer bee

Vault maps used:
D:1:      minmay_arrival_wavy_path, minmay_misc_feat_plants,
          minmay_misc_feat_doors
D:2:      wad_lake_hut, makhleb_grotto_becter
D:3:      uniq_jessica, uniq_grinder, uniq_terence
D:4:      first_bread, hangedman_decor_opposing, uniq_duvessa
D:5:      minmay_temple_entry_nine_rooms, serial_shops, nicolae_shop_waterfront,
          shop, nicolae_shop_overgrown_old_shop, minivault_1
D:7:      serial_shops, shop_statue
Temple:   dpeg_five_rooms_temple_12

Action                   |  1- 3 |  4- 6 |  7- 9 || total
-------------------------+-------+-------+-------++-------
Melee: Short sword       |    33 |    48 |   198 ||   279
 Fire: Hunting sling     |       |       |     1 ||     1
Invok: Evolution         |       |       |     6 ||     6
       Sunlight          |       |       |     1 ||     1
Evoke: Wand              |     1 |    18 |    13 ||    32
  Use: Potion            |     2 |     2 |     3 ||     7
 Stab: Sleeping          |     5 |     1 |    33 ||    39
       Distracted        |       |       |     2 ||     2
       Confused          |       |       |     1 ||     1
  Eat: Chunk             |       |     4 |     2 ||     6
       Royal jelly       |       |       |     2 ||     2
       Bread ration      |       |       |     2 ||     2
